 Dungeon Crawl Stone Soup version 0.25-a0-160-gd1d2e81aba (webtiles) character file.

Game seed: 16434176968489446358, levelgen mode: deterministic

169 Jindul the Skirmisher (level 5, -2/34 HPs)
             Began as a Gargoyle Abyssal Knight on Nov 20, 2019.
             Was a Priest of Lugonu.
             Killed by divine providence
             ... invoked by an orc priest
              (11 damage)
             ... on level 5 of the Dungeon on Nov 21, 2019.
             The game lasted 00:27:21 (2603 turns).

Jindul the Skirmisher (Gargoyle Abyssal Knight)     Turns: 2603, Time: 00:27:21

Health: -2/34      AC:  7    Str: 16    XL:     5   Next: 50%
Magic:  6/6        EV: 11    Int: 13    God:    Lugonu [***...]
Gold:   108        SH:  0    Dex:  9    Spells: 4/4 levels left

rFire    . . .     SeeInvis .   a - +1 short sword
rCold    . . .     Gourm    .   (no shield)
rNeg     + . .     Faith    .   b - +0 leather armour
rPois    ∞         Spirit   .   (no helmet)
rElec    +         Reflect  .   (no cloak)
rCorr    .         Harm     .   (no gloves)
MR       .....                  (no boots)
Stlth    +.........             (no amulet)
HPRegen  0.11/turn              (no ring)
MPRegen  0.10/turn              (no ring)

@: no status effects
A: negative energy resistance 1, electricity resistance, unbreathing,
petrification resistance, rot immunity, AC +4
a: Depart the Abyss, Bend Space, Banish, Renounce Religion


You were on level 5 of the Dungeon.
You worshipped Lugonu.
Lugonu was most pleased with you.
You were hungry.

You visited 1 branch of the dungeon, and saw 5 of its levels.
You visited the Abyss 1 time.

You collected 108 gold pieces.

Inventory:

Hand Weapons
 a - a +1 short sword (weapon)
 f - a +0 dagger
 r - a +0 dagger
 v - a +0 short sword
 x - a +0 dagger
Missiles
 g - 140 stones (quivered)
 u - 19 poisoned darts
 w - 33 arrows
Armour
 b - a +0 leather armour (worn)
 j - a +0 robe
 l - a +0 leather armour
 m - a +0 robe
 y - a scarf of spirit shield
Scrolls
 e - 2 scrolls of teleportation {unknown}
 h - 3 scrolls of identify {unknown}
 n - a scroll of immolation {unknown}
 o - 4 scrolls of remove curse {unknown}
 A - a scroll of magic mapping {unknown}
 B - 2 scrolls of amnesia {unknown}
Potions
 d - a potion of agility {unknown}
 i - a potion of flight {unknown}
 k - a potion of berserk rage {unknown}
 p - a potion of haste {unknown}
 q - a potion of curing {unknown}
 s - a potion of heal wounds {unknown}
 t - a potion of brilliance {unknown}
Comestibles
 c - 2 rations


   Skills:
 + Level 4.3 Fighting
 * Level 3.3 Short Blades
 + Level 2.9 Armour
 - Level 1.0 Dodging
 * Level 2.0 Stealth
 + Level 2.5 Invocations


You had 4 spell levels left.
You didn't know any spells.
Your spell library was empty.

Dungeon Overview and Level Annotations

Branches:
Dungeon (5/15)             Temple (0/1) D:5

Altars:

Annotations:
D:2 Natasha


Innate Abilities, Weirdness & Mutations

You are resistant to torment.
Your stone body is resilient. (AC +4)
You are immune to poison.
You resist negative energy. (rN+)
You are resistant to electric shocks. (rElec)
You can survive without breathing.
You are immune to petrification.
You are immune to rotting.


Message History

Found 16 gold pieces.
An ice beast comes into view.
The adder barely misses you.
The phantom blinks!
The orc wizard looks encouraged for a moment.
The ice beast misses you. The adder bites you. The centaur skeleton hits you.
* * * LOW HITPOINT WARNING * * *
The phantom blinks!
The centaur skeleton hits you but does no damage.
You see here 16 gold pieces.
The ice beast hits you but does no damage.
The adder bites you but does no damage.
You open the door.
The orc wizard looks satisfied for a moment.
The adder barely misses you.
The orc priest invokes the aid of Beogh against you.
Beogh smites you!
You die...

###.#..........#
....#..##...##.#
#..##.##..!##.##
#..##..........#
##..##....>.....#
....##....!..Wo.#
##.###.##.$.##.Y##
#...##.##...##.S.####...
.......o..o...Z.@'......
#...####.........####...
##.## ##.......## #.#
##.....## ..# ##...##
#### ##+##


You could see a phantom, an ice beast, an orc priest, an orc wizard, an adder
and a centaur skeleton.

Vanquished Creatures
  A worker ant (D:4)
  A hound skeleton (D:4)
  A howler monkey skeleton (D:4)
  5 adders
  An ooze (D:1)
  2 leopard geckos
  3 orcs (D:5)
  2 ball pythons (D:1)
  A giant cockroach (D:1)
  6 goblins
  6 hobgoblins
  12 jackals
  7 kobolds
  A quokka (D:3)
  7 bats
  4 frilled lizards
  9 rats
69 creatures vanquished.

Notes
Turn   | Place    | Note
-------+----------+-------------------------------------------
     0 | Abyss:1  | Jindul the Gargoyle Abyssal Knight began the quest for the
                  | Orb.
     0 | Abyss:1  | Reached XP level 1. HP: 14/14 MP: 2/2
    86 | D:1      | Escaped the Abyss
   105 | D:1      | Reached XP level 2. HP: 11/19 MP: 3/3
   591 | D:1      | Reached ** piety under Lugonu
   594 | D:1      | Reached skill level 4 in Fighting
   594 | D:1      | Reached XP level 3. HP: 24/24 MP: 4/4
  1186 | D:2      | Upgraded the game from 0.25-a0-110-ge29c8f2358 to
                  | 0.25-a0-160-gd1d2e81aba
  1346 | D:2      | Reached XP level 4. HP: 17/29 MP: 5/5
  1581 | D:2      | Reached skill level 1 in Dodging
  1695 | D:2      | Noticed Natasha
  1709 | D:3      | Reached skill level 1 in Stealth
  2061 | D:4      | Reached XP level 5. HP: 32/33 MP: 6/6
  2087 | D:4      | Reached *** piety under Lugonu
  2296 | D:5      | Entered Level 5 of the Dungeon
  2445 | D:5      | Noticed a phantom
  2557 | D:5      | Found a staircase to the Ecumenical Temple.
  2592 | D:5      | Noticed an ice beast
  2603 | D:5      | Killed from afar by an orc priest

Levels and vault maps discovered:
D:1:      dpeg_arrival_tiny_a, layout_loops_cross, minmay_bisected
D:2:      layout_basic, first_ration, uniq_natasha
D:3:      minmay_goblin_kobold_castle, layout_rooms, st_stairs_1,
          chequers_big_river, minmay_lizard_king
D:4:      layout_loops_ring
D:5:      layout_loops_corners, minmay_temple_entry_stoned_glass

Skill      XL: |  1  2  3  4  5 |
---------------+----------------+-----
Short Blades   | 2 3 |  3.3
Fighting       | 4 |  4.3
Dodging        | 1 |  1.0
Stealth        | 1 2 |  2.0
Armour         | |  2.9
Invocations    | |  2.5

Action                   |  1- 3 |  4- 6 || total
-------------------------+-------+-------++-------
Melee: Short sword       |   152 |   132 ||   284
Throw: Stone             |       |     1 ||     1
  Eat: Chunk             |     2 |     3 ||     5
Armor: Leather armour    |    58 |    51 ||   109
Dodge: Dodged            |    88 |    65 ||   153

Table legend:
 A = Non-vault XP
 B = Vault XP
 C = Vault XP percentage of total XP
 D = Non-vault monster count
 E = Vault monster count
 F = Vault count percentage of total count
                 A         B        C        D         E       F
            +---------+---------+-------+---------+---------+-------
      Total |     230 |      12 |   5.0 |      65 |       4 |   5.8
            +---------+---------+-------+---------+---------+-------
        D:1 |      64 |       8 |  11.1 |      37 |       2 |   5.1
        D:2 |      38 |       0 |   0.0 |      11 |       0 |   0.0
        D:3 |      45 |       1 |   2.2 |       6 |       1 |  14.3
        D:4 |      73 |       3 |   3.9 |       7 |       1 |  12.5
        D:5 |      10 |       0 |   0.0 |       4 |       0 |   0.0
            +---------+---------+-------+---------+---------+-------
